 Dungeon Crawl Stone Soup version 0.27-a0-215-g68775813e2 (webtiles) character file.

Game seed: 18081722207282114729

85 ReteAZ the Skirmisher (level 4, -4/35 HPs)
             Began as a Demonspawn Abyssal Knight on Jan 31, 2021.
             Was a Follower of Lugonu.
             Slain by Grinder (8 damage)
             ... on level 3 of the Dungeon.
             The game lasted 00:03:13 (2199 turns).

ReteAZ the Skirmisher (Demonspawn Abyssal Knight)   Turns: 2199, Time: 00:03:13

Health: -4/35      AC:  3    Str: 13    XL:     4   Next: 25%
Magic:  6/6        EV: 11    Int: 14    God:    Lugonu [*.....]
Gold:   129        SH:  0    Dex: 12    Spells: 3/3 levels left

rFire    . . .     SeeInvis .   a - +1 spear
rCold    . . .     Faith    .   (no shield)
rNeg     . . .     Spirit   .   b - +0 leather armour
rPois    .         Reflect  .   (no helmet)
rElec    .         Harm     .   g - scarf {+Inv}
rCorr    .         Rampage  .   (no gloves)
Will     .....                  (no boots)
Stlth    +.........             (no amulet)
HPRegen  0.11/turn              (no ring)
MPRegen  0.10/turn              (no ring)

@: no status effects
A: claws 1
a: Renounce Religion, Evoke Invisibility, Depart the Abyss


You were on level 3 of the Dungeon.
You worshipped Lugonu.
Lugonu was aware of your devotion.
You visited 1 branch of the dungeon, and saw 3 of its levels.
You visited the Abyss 1 time.

You collected 129 gold pieces.

Inventory:

Hand Weapons
 a - a +1 spear (weapon)
Missiles
 n - 19 poisoned darts (quivered)
Armour
 b - a +0 leather armour (worn)
 c - a scarf of invisibility
 g - a scarf of invisibility (worn)
Scrolls
 d - a scroll of enchant weapon {unknown}
 i - a scroll of magic mapping {unknown}
 k - a scroll of remove curse {unknown}
 l - a scroll of blinking {unknown}
 o - a scroll of enchant armour {unknown}
Potions
 e - a potion of brilliance {unknown}
 f - a potion of degeneration {unknown}
 h - a potion of lignification {unknown}
 j - a potion of flight {unknown}
 m - a potion of heal wounds


   Skills:
 + Level 3.4 Fighting
 * Level 2.7 Polearms
 + Level 0.1 Throwing
 + Level 2.3 Armour
 + Level 1.5 Dodging
 + Level 3.2 Invocations


You had 3 spell levels left.
You didn't know any spells.
Your spell library was empty.

Dungeon Overview and Level Annotations

Branches:
Dungeon (3/15)

Altars:
Sif Muna
Uskayaw

Annotations:
D:3 Grinder


Innate Abilities, Weirdness & Mutations

You have sharp fingernails.


Message History

You start resting.
You hear the slow rusting of a very distant drain.
There is a stone staircase leading up here.
You climb upwards.
There is a stone staircase leading down here.
There is a stone staircase leading down here.
You climb downwards.
You hear the sound of rushing water.
There is an entrance to a sewer on this level.
Hurry and find it before the portal rusts away!
A rat, a goblin and Grinder come into view.
Grinder shouts!
The goblin shouts!
Grinder hits you!
You writhe in agony.
* * * LOW HITPOINT WARNING * * *
Grinder hits you.
* * * LOW HITPOINT WARNING * * *
The goblin hits you but does no damage.
Found a scale mail.
There is a stone staircase leading up here.
Grinder hits you!
You die...

. ... ##..#
....r.######
#[...@...#
###..5g..#
#......#
##.....#
#.....#
#.....#
#######


You could see Grinder, a goblin and a rat.

Vanquished Creatures
  4 adders
  A worm (D:2)
  A dart slug (D:1)
  4 leopard geckos
  3 bats
  2 giant cockroaches (D:1)
  4 goblins
  7 hobgoblins
  3 jackals (D:2)
  2 quokkas (D:2)
  A ball python (D:1)
  4 kobolds
  3 rats
39 creatures vanquished.

Vanquished Creatures (others)
  2 plants (D:2)
2 creatures vanquished.

Grand Total: 41 creatures vanquished

Notes
Turn   | Place    | Note
-------+----------+-------------------------------------------
     0 | Abyss:1  | ReteAZ the Demonspawn Abyssal Knight began the quest for
                  | the Orb.
     0 | Abyss:1  | Reached XP level 1. HP: 18/18 MP: 2/2
    44 | Abyss:1  | Found a corrupted altar of Lugonu.
    91 | Abyss:1  | Noticed a small abomination
    98 | Abyss:1  | Noticed a great orb of eyes
    99 | D:1      | Escaped the Abyss
   252 | D:1      | Reached skill level 1 in Dodging
   346 | D:1      | Reached * piety under Lugonu
   347 | D:1      | Gained mutation: You have sharp fingernails. [demonic
                  | ancestry]
   347 | D:1      | Reached XP level 2. HP: 23/24 MP: 3/3
   912 | D:2      | Reached XP level 3. HP: 17/29 MP: 5/5
  1791 | D:2      | Reached XP level 4. HP: 15/35 MP: 6/6
  1873 | D:2      | Found a shimmering blue altar of Sif Muna.
  1873 | D:2      | Found a hide-covered altar of Uskayaw.
  2198 | D:3      | Noticed Grinder
  2199 | D:3      | Slain by Grinder

Illustrated notes

Levels and vault maps discovered:
D:1:      minmay_arrival_five_plusses, layout_loops_ring, roderic_roman_lattice,
          minmay_pentomino_t2
D:2:      layout_rooms, gammafunk_temple_overflow_pools, serial_forest,
          infiniplex_forest_clump_double, infiniplex_forest_straight_3,
          infiniplex_forest_lined_2, infiniplex_forest_clump_small,
          infiniplex_forest_lined_2, infiniplex_forest_lined_corner,
          infiniplex_forest_lined_4_way, infiniplex_forest_end_3,
          infiniplex_forest_clump_curved
D:3:      layout_rooms, gup_sewer_entry_spiral, grunt_decor_fettered,
          uniq_grinder

Skill      XL: |  1  2  3 |
---------------+----------+-----
Dodging        | 1 |  1.5
Polearms       | 2 |  2.7
Armour         | 2 |  2.3
Invocations    | 3 |  3.2
Fighting       | |  3.4
Throwing       | |  0.1

Action                   |  1- 3 |  4- 6 || total
-------------------------+-------+-------++-------
Melee: Spear             |   122 |    17 ||   139
Throw: Dart              |       |     2 ||     2
Invok: Depart the Abyss  |     1 |       ||     1
  Use: Potion            |       |     1 ||     1
 Stab: Sleeping          |     2 |       ||     2
Armor: Leather armour    |    26 |     5 ||    31
Dodge: Dodged            |    64 |    11 ||    75

Table legend: (Time is in decaauts)
 A = Elapsed time spent in this place.
 B = Non-inter-level travel time spent in this place.
 C = Inter-level travel time spent in this place.
 D = Time resting spent in this place.
 E = Time spent auto-exploring this place.
 F = Levels seen in this place.
 G = Mean time per level.
                   A        B        C        D        E       F      G
               +--------+--------+--------+--------+--------+-----+--------+
         Total |   2197 |   2092 |    105 |     32 |   1765 |   4 |  549.2 |
       Dungeon |   2098 |   1993 |    105 |     32 |   1675 |   3 |  699.3 |
         Abyss |     99 |     99 |      0 |      0 |     90 |   1 |   99.0 |
               +--------+--------+--------+--------+--------+-----+--------+

Top non-repeatable levels by time:
     D:2: 1240 daAuts
     D:1: 791 daAuts
 Abyss:1: 99 daAuts
     D:3: 66 daAuts
